 Dungeon Crawl Stone Soup version 0.26-a0-649-gf8c6c3aab7 (webtiles) character file.

Game seed: 3006072725333918126

24178 DogServant the Frost Mage (level 13, -4/121 HPs)
             Began as a Naga Ice Elementalist on Sept 27, 2020.
             Was a High Priest of Cheibriados.
             Slain by a nine-headed hydra (8 damage)
             ... on level 3 of the Lair of Beasts.
             The game lasted 00:45:41 (17685 turns).

DogServant the Frost Mage (Naga Ice Elementalist)  Turns: 17685, Time: 00:45:41

Health: -4/121     AC: 19    Str: 22    XL:     13   Next: 11%
Magic:  18/20      EV: 14    Int: 38    God:    Cheibriados [*****.]
Gold:   850        SH:  5    Dex: 28    Spells: 5/22 levels left

rFire    . . .     SeeInvis +   e - +11 hand axe "Bofrarahuck" {vamp, rC+ Dex+3}
rCold    + . .     Faith    .   (no shield)
rNeg     . . .     Spirit   .   U - +0 steam dragon scales
rPois    +         Reflect  +   J - +0 helmet
rElec    .         Harm     .   b - +0 cloak
rCorr    .         Rampage  .   (no gloves)
MR       +....                  q - +4 barding of Impermeability {+Inv Int+3}
Stlth    +++.......             u - amulet of reflection
HPRegen  0.30/turn              L - +4 ring of evasion
MPRegen  0.17/turn              v - +6 ring of intelligence

@: frozen ramparts, very slow
A: large, see invisible, deformed body, poison resistance, slowness 2, spit
poison 1, constrict 1, AC +4
a: Spit Poison, Bend Time, Temporal Distortion, Slouch, Step From Time, Renounce
Religion, Evoke Invisibility


You were on level 3 of the Lair of Beasts.
You worshipped Cheibriados.
Cheibriados was extremely pleased with you.
You visited 3 branches of the dungeon, and saw 14 of its levels.
You also visited: Bailey.

You collected 850 gold pieces.

Inventory:

Hand Weapons
 d - a +0 dagger
 e - the +11 hand axe "Bofrarahuck" (weapon) {vamp, rC+ Dex+3}
   (You found it on level 4 of the Dungeon)

   It inflicts no extra harm, but heals its wielder when it wounds a living foe.
   It affects your dexterity (+3).
   It protects you from cold.
 f - a +4 spear
Missiles
 a - 4 curare-tipped darts
 p - 30 poisoned darts (quivered)
 E - an atropa-tipped dart
Armour
 b - a +0 cloak (worn)
 q - the +4 barding of Impermeability (worn) {+Inv Int+3}
   (You acquired it on level 9 of the Dungeon)

   It affects your intelligence (+3).
   It lets you turn invisible.
 G - a +0 ring mail
 J - a +0 helmet (worn)
 N - the +7 chain mail of the Monk {Stlth+, unknown}
   (You found it on level 8 of the Dungeon)

   It makes you more stealthy.
 U - +0 steam dragon scales (worn)
Jewellery
 h - an uncursed amulet of the acrobat
 m - an uncursed ring of protection from cold
 u - an amulet of reflection (around neck)
 v - a +6 ring of intelligence (right hand)
 I - an uncursed ring of flight
 L - a +4 ring of evasion (left hand)
 P - a +4 ring of evasion
Wands
 o - a wand of acid (19)
 w - a wand of iceblast (14)
 z - a wand of digging (11)
 A - a wand of disintegration (20)
 B - a wand of random effects (58)
 D - a wand of enslavement (6)
 K - a wand of flame (18)
 M - a wand of polymorph (11)
 T - a wand of paralysis (8)
Scrolls
 c - 4 scrolls of teleportation
 i - 8 scrolls of remove curse
 r - 3 scrolls of enchant weapon
 s - 6 scrolls of amnesia
 y - 2 scrolls of identify
 F - 3 scrolls of magic mapping
 Q - a scroll of fear {unknown}
 R - a scroll of noise {unknown}
 S - a scroll of enchant armour {unknown}
 Y - a scroll of brand weapon {unknown}
Potions
 g - 4 potions of curing
 j - 2 potions of invisibility
 k - 3 potions of cancellation {unknown}
 l - 6 potions of stabbing
 n - a potion of ambrosia
 t - 3 potions of flight
 x - a potion of brilliance
 C - a potion of might
 H - 2 potions of magic
 O - 2 potions of degeneration {unknown}
 V - 2 potions of haste {unknown}
 W - a potion of lignification {unknown}
 X - a potion of heal wounds


   Skills:
 + Level 9.2 Fighting
 + Level 8.3 Axes
 + Level 4.5 Armour
 + Level 2.8 Dodging
 - Level 3.1 Stealth
 - Level 5.3 Spellcasting
 - Level 8.1 Summonings
 - Level 10.2 Ice Magic
 + Level 7.8 Invocations
 + Level 7.2 Evocations


You had 5 spell levels left.
You knew the following spells:

 Your Spells              Type           Power        Failure   Level
a - Freeze                Ice            ####         1%          1
b - Frozen Ramparts       Ice            ######       1%          3
c - Ozocubu's Armour      Ice            ######..     1%          3
d - Summon Ice Beast      Ice/Summ       ######..     1%          4
e - Call Canine Familiar  Summ           ######..     1%          3
f - Mephitic Cloud        Conj/Pois/Air  ##......     10%         3

Your spell library contained the following spells:

 Spells                   Type           Power        Failure   Level
 Summon Small Mammal      Summ           ####         1%          1
 Call Imp                 Summ           ######..     1%          2
 Summon Guardian Golem    Hex/Summ       #####...     1%          3
 Poisonous Vapours        Pois/Air       ##....       4%          2
 Hailstorm                Conj/Ice       #####...     4%          4
 Summon Lightning Spire   Summ/Air       #####...     6%          4
 Conjure Flame            Conj/Fire      ##......     10%         3
 Freezing Cloud           Conj/Ice/Air   #####.....   77%         6


Dungeon Overview and Level Annotations

Branches:
Dungeon (10/15)            Temple (1/1) D:7            Lair (3/6) D:9
  Swamp (0/4) Lair:2          Orc (0/2) D:10         Bailey (visited)
  Snake: Lair:2-4    Spider: Lair:2-4

Altars:
Ashenzari
Cheibriados
Fedhas
Gozag
Hepliaklqana
Kikubaaqudgha
Nemelex Xobeh
Okawaru
Qazlal
Uskayaw
Vehumet
Wu Jian
Xom
Yredelemnul
Zin

Portals:
Abyss: D:4
Trove: D:10 (give 13 potions of heal wounds)

Annotations:
D:2 1 runed translucent door, Crazy Yiuf
D:4 2 transporters, hemabe71's ghost, amateur HuAr
D:8 Psyche


Innate Abilities, Weirdness & Mutations

You cannot wear boots.
Your serpentine skin is tough. (AC +4)
You have supernaturally acute eyesight. (SInv)
Armour fits poorly on your strangely shaped body.
Your system is resistant to poisons. (rPois)
You cover ground very slowly.
You can spit poison.
You can use your snake-like lower body to constrict enemies.


Message History

* * * LOW HITPOINT WARNING * * *
The nine-headed hydra barely misses you.
The nine-headed hydra bites you!
* * * LOW HITPOINT WARNING * * *
The nine-headed hydra closely misses you.
The nine-headed hydra bites you but does no damage. x2
The nine-headed hydra bites you.
* * * LOW HITPOINT WARNING * * *
The nine-headed hydra closely misses you.
You block the nine-headed hydra's attack.
The nine-headed hydra barely misses you.
The nine-headed hydra bites you!
* * * LOW HITPOINT WARNING * * *
The nine-headed hydra misses you.
The nine-headed hydra barely misses you.
The wall freezes the nine-headed hydra.
The nine-headed hydra seems to slow down.
The nine-headed hydra bites you but does no damage. x2
The nine-headed hydra bites you!
You die...

......... ### .<....... #..
........####### #..
#.........#.P)#### #### #..
#.............P.###..###..
##....?..............P#.#..
.............#.#...........
............###..#####.#...
......P..D@.# #### ####..
#.#...####### #.. . ##..
#.. #..


#PP #.. ### #. # # # # You could see a nine-headed hydra (slow).

Vanquished Creatures
  3 hydras
  Harold (D:7)
  2 two-headed ogres (D:10)
  2 centaur warriors
  An orc high priest (Bailey)
  An ugly thing (D:10)
  An orc sorcerer (Bailey)
  An elephant (D:9)
  Maggie (D:9)
  A black mamba (Lair:3)
  4 cane toads
  2 komodo dragons
  Prince Ribbit (Lair:3)
  8 blink frogs
  5 hippogriffs
  A vampire (D:10)
  2 wyverns
  13 yaks
  A basilisk (D:9)
  7 vampire mosquitoes
  An acid dragon (D:10)
  3 water moccasins
  2 porcupines (Lair:2)
  3 black bears
  An ice beast (D:5)
  20 orc warriors
  4 sky beasts
  2 ogres
  A phantom (D:4)
  5 wolves (Lair:2)
  2 centaurs
  5 crocodiles
  An elf zombie (D:4)
  11 bullfrogs
  A wyvern zombie (D:10)
  A wyvern skeleton (D:8)
  2 elf skeletons (D:4)
  4 scorpions
  15 killer bees
  8 wights
  4 electric eels
  5 howler monkeys
  2 centaur zombies (D:10)
  4 hounds
  A quasit (D:8)
  8 orc priests
  3 bullfrog skeletons
  A centaur skeleton (D:4)
  7 iguanas
  14 orc wizards
  4 worker ants
  A hound zombie (D:5)
  A hound skeleton (D:4)
  A worker ant zombie (D:5)
  5 gnolls
  10 adders
  2 shadow imps
  A white imp (D:5)
  4 ufetubi
  2 adder zombies
  An adder skeleton (D:7)
  2 worms
  A dart slug (D:2)
  4 leopard geckos
  46 orcs
  8 bats
  7 giant cockroaches
  15 hobgoblins
  13 jackals
  5 kobolds
  5 quokkas
  2 ball pythons
  12 frilled lizards
  13 goblins
  A jackal skeleton (D:6)
  A leopard gecko zombie (D:5)
  2 orc skeletons (D:4)
  An orc zombie (D:4)
  A quokka skeleton (D:6)
  A rat (D:2)
  2 butterflies (D:7)
373 creatures vanquished.

Vanquished Creatures (collateral kills)
  A vault guard (D:10)
  A phantom (D:8)
  A bullfrog (D:8)
  A hobgoblin (Bailey)
4 creatures vanquished.

Vanquished Creatures (others)
  31 fungi
  18 plants
49 creatures vanquished.

Grand Total: 426 creatures vanquished

Notes
Turn   | Place    | Note
-------+----------+-------------------------------------------
     0 | D:1      | DogServant the Naga Ice Elementalist began the quest for
                  | the Orb.
     0 | D:1      | Reached XP level 1. HP: 15/15 MP: 3/3
   420 | D:1      | Reached XP level 2. HP: 22/22 MP: 1/5
   898 | D:1      | Reached XP level 3. HP: 26/30 MP: 2/6
  1157 | D:1      | Learned a level 3 spell: Frozen Ramparts
  1557 | D:2      | Reached skill level 1 in Fighting
  1746 | D:2      | Found a basalt altar of Yredelemnul.
  1832 | D:2      | Reached XP level 4. HP: 26/38 MP: 7/7
  2804 | D:2      | Found a runed translucent door.
  2805 | D:2      | Noticed Crazy Yiuf
  2934 | D:3      | Reached skill level 5 in Ice Magic
  2961 | D:3      | Found a radiant altar of Vehumet.
  3074 | D:3      | Reached XP level 5. HP: 45/45 MP: 5/9
  3178 | D:3      | Found a blossoming altar of Fedhas.
  3803 | D:4      | Got a pitted hand axe
  3804 | D:4      | Identified the +11 hand axe "Bofrarahuck" {vamp, rC+ Dex+3}
                  | (You found it on level 4 of the Dungeon)
  3826 | D:4      | Reached XP level 6. HP: 46/55 MP: 7/11
  4346 | D:4      | Found a shimmering altar of Xom.
  4454 | D:4      | Reached XP level 7. HP: 58/62 MP: 11/13
  4508 | D:4      | Found a transporter.
  4536 | D:4      | Reached skill level 6 in Ice Magic
  4682 | D:4      | Learned a level 3 spell: Ozocubu's Armour
  4687 | D:4      | Learned a level 4 spell: Summon Ice Beast
  4917 | D:4      | Reached skill level 1 in Axes
  4917 | D:4      | Reached skill level 1 in Summonings
  5167 | D:4      | Found a transporter.
  5167 | D:4      | Found a one-way gate to the infinite horrors of the Abyss.
  5167 | D:4      | Noticed hemabe71's ghost (amateur HuAr)
  5399 | D:4      | Identified the +10 dagger of a sewer {distort, rPois}
  5484 | D:5      | Entered Level 5 of the Dungeon
  5510 | D:5      | Reached XP level 8. HP: 73/73 MP: 10/14
  5675 | D:5      | Noticed a centaur warrior
  5709 | D:5      | Killed a centaur warrior
  5709 | D:5      | Reached skill level 5 in Fighting
  5709 | D:5      | Reached skill level 7 in Ice Magic
  6128 | D:5      | Reached XP level 9. HP: 78/81 MP: 11/15
  6915 | D:6      | Reached skill level 1 in Armour
  7266 | D:6      | Found a hide-covered altar of Uskayaw.
  7952 | D:7      | Noticed Harold
  7982 | D:7      | Reached skill level 8 in Ice Magic
  8111 | D:7      | Reached skill level 5 in Summonings
  8329 | D:7      | Found a staircase to the Ecumenical Temple.
  8337 | Temple   | Entered the Ecumenical Temple
  8384 | Temple   | Became a worshipper of Cheibriados the Contemplative
  8414 | D:7      | Reached skill level 5 in Axes
  8501 | D:7      | Learned a level 3 spell: Call Canine Familiar
  8546 | D:7      | Killed Harold
  8546 | D:7      | Reached XP level 10. HP: 67/88 MP: 5/17
  8761 | D:7      | Reached * piety under Cheibriados
  9127 | D:8      | Reached skill level 5 in Spellcasting
  9331 | D:8      | Got a steaming chain mail
  9401 | D:8      | Reached ** piety under Cheibriados
  9461 | D:8      | Noticed a two-headed ogre
  9462 | D:8      | Noticed Psyche
  9586 | D:9      | Found a staircase to the Lair.
  9586 | D:9      | Noticed an elephant
  9611 | D:9      | Killed an elephant
  9611 | D:9      | Reached skill level 9 in Ice Magic
  9611 | D:9      | Reached skill level 1 in Invocations
  9614 | D:9      | Reached skill level 1 in Evocations
  9687 | D:9      | Learned a level 3 spell: Mephitic Cloud
  9889 | D:9      | Found a flagged portal.
  9898 | Bailey   | Entered a bailey
  9933 | Bailey   | Found an iron altar of Okawaru.
  9933 | Bailey   | Noticed an orc sorcerer
  9933 | Bailey   | Noticed an orc high priest
  9967 | Bailey   | Killed an orc high priest
 10042 | Bailey   | Killed an orc sorcerer
 10042 | Bailey   | Reached XP level 11. HP: 97/97 MP: 14/18
 10059 | Bailey   | Reached *** piety under Cheibriados
 11707 | D:9      | Noticed Maggie
 11720 | D:9      | Killed Maggie
 11753 | D:9      | Reached **** piety under Cheibriados
 11813 | D:9      | Acquired the +4 barding of Impermeability {+Inv Int+3}
 12380 | D:10     | Entered Level 10 of the Dungeon
 12380 | D:10     | Found a staircase to the Orcish Mines.
 12385 | D:10     | Noticed a two-headed ogre
 12392 | D:10     | Killed a two-headed ogre
 12561 | D:10     | Noticed a vault guard
 12585 | D:10     | Killed a vault guard
 12585 | D:10     | Reached skill level 10 in Ice Magic
 12875 | D:10     | Found a portal to a secret trove of treasure.
 13441 | D:10     | Found a sparkling altar of Nemelex Xobeh.
 13441 | D:10     | Found a broken altar of Ashenzari.
 13442 | D:10     | Found an ornate altar of the Wu Jian Council.
 13442 | D:10     | Found an opulent altar of Gozag.
 13450 | D:10     | Noticed a two-headed ogre
 13466 | D:10     | Killed a two-headed ogre
 13466 | D:10     | Reached skill level 5 in Invocations
 13668 | D:10     | Reached ***** piety under Cheibriados
 13729 | D:10     | Noticed a centaur warrior
 13739 | D:10     | Killed a centaur warrior
 13739 | D:10     | Reached skill level 5 in Evocations
 13739 | D:10     | Reached XP level 12. HP: 92/110 MP: 15/19
 14361 | Lair:1   | Entered Level 1 of the Lair of Beasts
 16149 | Lair:2   | Noticed a five-headed hydra
 16162 | Lair:2   | Killed a ten-headed hydra
 16446 | Lair:2   | Found a staircase to the Swamp.
 17022 | Lair:2   | Noticed a five-headed hydra
 17037 | Lair:2   | Killed a 12-headed hydra
 17492 | Lair:3   | Noticed Prince Ribbit
 17495 | Lair:3   | Noticed a six-headed hydra
 17499 | Lair:3   | Killed Prince Ribbit
 17500 | Lair:3   | Gained mutation: You can use your snake-like lower body to
                  | constrict enemies. [Naga growth]
 17500 | Lair:3   | Reached XP level 13. HP: 97/121 MP: 16/20
 17684 | Lair:3   | HP: 3/121 [nine-headed hydra (11)]
 17685 | Lair:3   | Slain by a nine-headed hydra

Illustrated notes

Levels and vault maps discovered:
D:1:      minmay_arrival_checkered_box, layout_basic
D:2:      minmay_angry_zag, layout_basic, overflow_temple_1_default,
          kennysheep_generic_room_2, uniq_crazy_yiuf_cottage
D:3:      layout_loops_corners, lemuel_crystal_altar, overflow_temple_1_default
D:4:      layout_basic, lemuel_crystal_altar, gammafunk_ghost_abyssal_escape,
          nicolae_ossuary_entry_catacombs
D:5:      minmay_chambers_of_fours, layout_basic, small_statue_intersection,
          minmay_misc_feat_chi
D:6:      layout_loops_ring, nicolae_overflow_crystal_walls, minmay_misc_feat_x
D:7:      layout_loops_ring, minmay_temple_entry_butterflies,
          minmay_lizard_king, uniq_harold
D:8:      layout_cave_pools, overflow_temple_1_default, special_room
          [special_room_orc], ploomutoo_gammafunk_ghost_potion_laboratory,
          uniq_psyche
D:9:      layout_stronghold, david_lair_generic, enter_bailey_2, uniq_maggie
D:10:     minmay_the_grid_octo_tiled_octocenter [minmay_the_grid_octo_clover_2,
          minmay_the_grid_octo_shrine, minmay_the_grid_octo_chip,
          minmay_the_grid_octo_teeth, minmay_the_grid_octo_prize_single_spiral,
          minmay_the_grid_square_5x5_comb, minmay_the_grid_square_5x5_trominoes,
          minmay_the_grid_square_5x5_detours,
          minmay_the_grid_square_5x5_minibox], layout_cave_pools, orc_0_dummy,
          enter_trove_5
Temple:   regret_index_temple_sphere_string
Lair:1:   layout_layer_cave, grunt_megastairs_2
Lair:2:   layout_regular_city, minmay_swamp_entry_swarm
Lair:3:   layout_cave_pods, beast_lair_carwin_8, uniq_prince_ribbit2

Skill      XL: |  1  2  3  4  5  6  7  8  9 10 11 12 |
---------------+-------------------------------------+-----
Fighting       | 1 2 3 4 5 6 7 9 |  9.2
Ice Magic      | 5 6 7 8 9 10 | 10.2
Spellcasting   | 3 4 5 |  5.3
Axes           | 1 3 5 6 8 |  8.3
Summonings     | 1 3 5 6 8 |  8.1
Armour         | 3 4 |  4.5
Invocations    | 2 5 7 |  7.8
Evocations     | 2 5 7 |  7.2
Dodging        | 2 |  2.8
Stealth        | |  3.1

Action                   |  1- 3 |  4- 6 |  7- 9 | 10-12 | 13-15 || total
-------------------------+-------+-------+-------+-------+-------++-------
Melee: Unarmed           |    14 |       |       |       |       ||    14
       Dagger            |     2 |       |       |       |       ||     2
       Spear             |    59 |    54 |       |       |       ||   113
       Hand axe          |       |    16 |   138 |   319 |     8 ||   481
       Constrict         |       |       |       |       |     1 ||     1
Throw: Dart              |       |       |       |    11 |       ||    11
 Cast: Freeze            |    32 |     5 |       |       |       ||    37
       Frozen Ramparts   |       |    14 |    24 |    64 |     1 ||   103
       Ozocubu's Armour  |       |       |     1 |     3 |       ||     4
       Summon Ice Beast  |       |       |     1 |     6 |       ||     7
       Call Canine Famil |       |       |     1 |     4 |       ||     5
       Mephitic Cloud    |       |       |       |     1 |       ||     1
Invok: Bend Time         |       |       |       |     2 |       ||     2
       Temporal Distorti |       |       |       |     1 |       ||     1
       Slouch            |       |       |       |     2 |     1 ||     3
 Abil: Spit Poison       |     7 |       |     4 |     8 |     1 ||    20
Evoke: Wand              |       |       |     3 |     1 |     1 ||     5
  Use: Scroll            |       |    10 |     6 |     4 |       ||    20
       Potion            |       |     1 |       |     2 |       ||     3
 Stab: Sleeping          |     7 |     7 |     6 |     7 |       ||    27
       Distracted        |       |       |       |     2 |       ||     2
Armor: Robe              |    39 |     3 |       |       |       ||    42
       Leather armour    |       |    17 |    36 |    23 |       ||    76
       Steam dragon scal |       |       |       |   176 |    45 ||   221
Dodge: Dodged            |    58 |    47 |    59 |   355 |    45 ||   564
Block: Other             |       |     5 |    28 |   121 |    11 ||   165
       Reflection        |       |       |     2 |     1 |       ||     3

Table legend: (Time is in decaauts)
 A = Elapsed time spent in this place.
 B = Non-inter-level travel time spent in this place.
 C = Inter-level travel time spent in this place.
 D = Time resting spent in this place.
 E = Time spent auto-exploring this place.
 F = Levels seen in this place.
 G = Mean time per level.
                   A        B        C        D        E       F      G
               +--------+--------+--------+--------+--------+-----+--------+
         Total |  25885 |  24799 |   1086 |   3471 |  17046 |  15 | 1725.7 |
       Dungeon |  17634 |  16754 |    880 |   1614 |  12128 |  10 | 1763.4 |
        Temple |    109 |     66 |     43 |      0 |     58 |   1 |  109.0 |
          Lair |   5748 |   5585 |    163 |   1247 |   3688 |   3 | 1916.0 |
        Bailey |   2393 |   2393 |      0 |    609 |   1170 |   1 | 2393.0 |
               +--------+--------+--------+--------+--------+-----+--------+

Top non-repeatable levels by time:
  Lair:2: 3176 daAuts
    D:10: 3157 daAuts
     D:9: 2565 daAuts
     D:4: 2536 daAuts
  Bailey: 2393 daAuts
  Lair:1: 2288 daAuts
     D:2: 1929 daAuts
     D:7: 1686 daAuts
     D:1: 1533 daAuts
     D:6: 1328 daAuts
     D:5: 1238 daAuts
     D:3: 1119 daAuts
     D:8: 538 daAuts
  Lair:3: 284 daAuts
  Temple: 109 daAuts
